TOP OF THE 1ST |
Durham Rapiers batting - Pitching for Phoenix Hotspur Youth : RHP Paul Stuart
|
Pitching: RHP Paul Stuart
|
|
Batting: RHB Esteban Garza
|
0-0: Ball 1-0: Ball 2-0: Called Strike 2-1: Swinging Strike 2-2: Foul Ball, location: 2F 2-2: Foul Ball, location: 2F 2-2: Ball 3-2: Strikes out swinging
|
Batting: LHB Evan Nelson
|
0-0: Called Strike 0-1: Ball 1-1: Swinging Strike 1-2: Ball 2-2: Foul Ball, location: 2F 2-2: Strikes out swinging
|
Batting: RHB Joey Morgan
|
0-0: Called Strike 0-1: SINGLE (Groundball, 6MD)
|
Batting: RHB Caleb Lee
|
0-0: SINGLE (Groundball, 4MD) Joey Morgan to second Runner from 2nd tries for 3rd, SAFE, throw made to third
|
Batting: LHB Gonzalo Féliz
|
0-0: Ball 1-0: SINGLE (Line Drive, 4MD) Joey Morgan scores Caleb Lee to second Runner from 2nd tries for 3rd, SAFE, throw made to third Gonzalo Féliz to second
|
Batting: RHB Kevin Sanderson
|
0-0: Foul Ball, location: 2F 0-1: Ball 1-1: DOUBLE (Groundball, 5L) Caleb Lee scores Gonzalo Féliz scores
|
Batting: RHB Ignacio Rodríguez
|
0-0: Foul Ball, location: 2F 0-1: Ball 1-1: Ball 2-1: Ball 3-1: Swinging Strike 3-2: Strikes out looking
|
Top of the 1st over - 3 run(s), 4 hit(s), 0 error(s), 1 left on base; Durham 3 - Phoenix Hotspur 0 |
BOTTOM OF THE 1ST |
Phoenix Hotspur Youth batting - Pitching for Durham Rapiers : RHP Michael Logan
|
Pitching: RHP Michael Logan
|
|
Batting: RHB Dan Perkins
|
0-0: Ball 1-0: Fly out, F7 (Flyball, 7M)
|
Batting: SHB Jesús González
|
0-0: Called Strike 0-1: Ball 1-1: SINGLE (Groundball, 34D) (infield hit)
|
Batting: LHB José Villarreal
|
0-0: Ball 1-0: Swinging Strike 1-1: Foul Ball, location: 2F 1-2: Strikes out looking
|
Batting: RHB Martín Martínez
|
0-0: Called Strike 0-1: Ball 1-1: Ball 2-1: Ground out 3-1 (Groundball, 3L)
|
Bottom of the 1st over - 0 run(s), 1 hit(s), 0 error(s), 1 left on base; Durham 3 - Phoenix Hotspur 0 |
TOP OF THE 2ND |
Durham Rapiers batting - Pitching for Phoenix Hotspur Youth : RHP Paul Stuart
|
Batting: SHB Juan Blanco
|
0-0: Ball 1-0: Ball 2-0: Called Strike 2-1: Called Strike 2-2: Ground out 4-3 (Groundball, 4)
|
Batting: LHB Raúl Andrade
|
0-0: Called Strike 0-1: Ball 1-1: Foul Ball, location: 2F 1-2: Ground out 4-3 (Groundball, 4)
|
Batting: RHB Esteban Garza
|
0-0: Ball 1-0: Ball 2-0: Ball 3-0: Called Strike 3-1: Fly out, F4 (Popup, 4D)
|
Top of the 2nd over - 0 run(s), 0 hit(s), 0 error(s), 0 left on base; Durham 3 - Phoenix Hotspur 0 |
BOTTOM OF THE 2ND |
Phoenix Hotspur Youth batting - Pitching for Durham Rapiers : RHP Michael Logan
|
Batting: RHB Júlio Mateo
|
0-0: Ball 1-0: Foul Ball, location: 2F 1-1: Called Strike 1-2: Foul Ball, location: 2F 1-2: Foul Ball, location: 2F 1-2: Foul Ball, location: 2F 1-2: Foul Ball, location: 2F 1-2: Strikes out swinging
|
Batting: RHB Ben Anderson
|
0-0: Ball 1-0: Foul Ball, location: 2F 1-1: Fly out, F7 (Flyball, 78S)
|
Batting: RHB Matías Torrella
|
0-0: Ball 1-0: Called Strike 1-1: SINGLE (Groundball, 56S)
|
Batting: RHB Marc Meertens
|
0-0: Foul Ball, location: 2F 0-1: Ball 1-1: Foul Ball, location: 2F 1-2: Foul Ball, location: 2F 1-2: Strikes out looking
|
Bottom of the 2nd over - 0 run(s), 1 hit(s), 0 error(s), 1 left on base; Durham 3 - Phoenix Hotspur 0 |
TOP OF THE 3RD |
Durham Rapiers batting - Pitching for Phoenix Hotspur Youth : RHP Paul Stuart
|
Batting: LHB Evan Nelson
|
0-0: Ball 1-0: Ball 2-0: Called Strike 2-1: Foul Ball, location: 2F 2-2: Ball 3-2: Strikes out swinging
|
Batting: RHB Joey Morgan
|
0-0: Fly out, F8 (Line Drive, 8RM)
|
Batting: RHB Caleb Lee
|
0-0: Called Strike 0-1: Swinging Strike 0-2: Foul Ball, location: 2F 0-2: Strikes out swinging
|
Top of the 3rd over - 0 run(s), 0 hit(s), 0 error(s), 0 left on base; Durham 3 - Phoenix Hotspur 0 |
BOTTOM OF THE 3RD |
Phoenix Hotspur Youth batting - Pitching for Durham Rapiers : RHP Michael Logan
|
Batting: LHB Arthur Ryan
|
0-0: Called Strike 0-1: Swinging Strike 0-2: Ball 1-2: Ball 2-2: Strikes out swinging
|
Batting: RHB Dan Perkins
|
0-0: Swinging Strike 0-1: Ball 1-1: Swinging Strike 1-2: Foul Ball, location: 2F 1-2: Strikes out swinging
|
Batting: SHB Jesús González
|
0-0: Swinging Strike 0-1: Ball 1-1: Foul Ball, location: 2F 1-2: Strikes out swinging
|
Bottom of the 3rd over - 0 run(s), 0 hit(s), 0 error(s), 0 left on base; Durham 3 - Phoenix Hotspur 0 |
TOP OF THE 4TH |
Durham Rapiers batting - Pitching for Phoenix Hotspur Youth : RHP Paul Stuart
|
Batting: LHB Gonzalo Féliz
|
0-0: Called Strike 0-1: Called Strike 0-2: Ground out 6-3 (Groundball, 6)
|
Batting: RHB Kevin Sanderson
|
0-0: Called Strike 0-1: Called Strike 0-2: Ground out U3 (Groundball, 3L)
|
Batting: RHB Ignacio Rodríguez
|
0-0: Called Strike 0-1: Ball 1-1: Called Strike 1-2: DOUBLE (Flyball, 78XD)
|
Batting: SHB Juan Blanco
|
0-0: Ball 1-0: Called Strike 1-1: Swinging Strike 1-2: Strikes out swinging
|
Top of the 4th over - 0 run(s), 1 hit(s), 0 error(s), 1 left on base; Durham 3 - Phoenix Hotspur 0 |
BOTTOM OF THE 4TH |
Phoenix Hotspur Youth batting - Pitching for Durham Rapiers : RHP Michael Logan
|
Batting: LHB José Villarreal
|
0-0: Ball 1-0: Called Strike 1-1: Swinging Strike 1-2: Foul Ball, location: 2F 1-2: Ball 2-2: Ball 3-2: Base on Balls
|
Batting: RHB Martín Martínez
|
0-0: Ball 1-0: Called Strike 1-1: Swinging Strike 1-2: Foul Ball, location: 2F 1-2: Ball 2-2: Foul Ball, location: 2F 2-2: Ball 3-2: Strikes out swinging
|
Batting: RHB Júlio Mateo
|
0-0: Called Strike 0-1: Called Strike 0-2: Ball José Villarreal is caught stealing 2nd base 1-2: Foul Ball, location: 2F 1-2: Ground out 6-3 (Groundball, 6M)
|
Bottom of the 4th over - 0 run(s), 0 hit(s), 0 error(s), 0 left on base; Durham 3 - Phoenix Hotspur 0 |
TOP OF THE 5TH |
Durham Rapiers batting - Pitching for Phoenix Hotspur Youth : RHP Paul Stuart
|
Batting: LHB Raúl Andrade
|
0-0: Called Strike 0-1: Called Strike 0-2: Ball 1-2: Ball 2-2: Foul Ball, location: 2F 2-2: Strikes out swinging
|
Batting: RHB Esteban Garza
|
0-0: Ball 1-0: Ball 2-0: Foul Ball, location: 2F 2-1: Foul Ball, location: 2F 2-2: Ball 3-2: Base on Balls
|
Batting: LHB Evan Nelson
|
0-0: Ball 1-0: Foul Ball, location: 2F 1-1: Foul Ball, location: 2F 1-2: Ball 2-2: Strikes out swinging Throwing error on steal attempt, E2 Esteban Garza to third
|
Batting: RHB Joey Morgan
|
0-0: Called Strike 0-1: Fly out, F8 (Flyball, 8LD)
|
Top of the 5th over - 0 run(s), 0 hit(s), 1 error(s), 1 left on base; Durham 3 - Phoenix Hotspur 0 |
BOTTOM OF THE 5TH |
Phoenix Hotspur Youth batting - Pitching for Durham Rapiers : RHP Michael Logan
|
Batting: RHB Ben Anderson
|
0-0: Ball 1-0: Fly out, F4 (Popup, 4)
|
Batting: RHB Matías Torrella
|
0-0: Foul Ball, location: 2F 0-1: Ball 1-1: Foul Ball, location: 2F 1-2: Ball 2-2: Ground out 6-3 (Groundball, 6M)
|
Batting: RHB Marc Meertens
|
0-0: Ball 1-0: Ball 2-0: Called Strike 2-1: Ground out U3 (Groundball, 3)
|
Bottom of the 5th over - 0 run(s), 0 hit(s), 0 error(s), 0 left on base; Durham 3 - Phoenix Hotspur 0 |
TOP OF THE 6TH |
Durham Rapiers batting - Pitching for Phoenix Hotspur Youth : RHP Paul Stuart
|
Batting: RHB Caleb Lee
|
0-0: Ball 1-0: Foul Ball, location: 2F 1-1: Fly out, F8 (Flyball, 8RM)
|
Batting: LHB Gonzalo Féliz
|
0-0: Called Strike 0-1: Foul Ball, location: 2F 0-2: Ground out 6-3 (Groundball, 6)
|
Batting: RHB Kevin Sanderson
|
0-0: Called Strike 0-1: Ball 1-1: Ground out 4-3 (Groundball, 4M)
|
Top of the 6th over - 0 run(s), 0 hit(s), 0 error(s), 0 left on base; Durham 3 - Phoenix Hotspur 0 |
BOTTOM OF THE 6TH |
Phoenix Hotspur Youth batting - Pitching for Durham Rapiers : RHP Michael Logan
|
Batting: LHB Arthur Ryan
|
0-0: Called Strike 0-1: Ball 1-1: Foul Ball, location: 2F 1-2: Ball 2-2: Foul Ball, location: 2F 2-2: Foul Ball, location: 2F 2-2: Strikes out looking
|
Batting: RHB Dan Perkins
|
0-0: Ball 1-0: Ball 2-0: Swinging Strike 2-1: Foul Ball, location: 2F 2-2: Foul Ball, location: 2F 2-2: Strikes out swinging
|
Batting: SHB Jesús González
|
0-0: Called Strike 0-1: Foul Ball, location: 2F 0-2: Ball 1-2: Ball 2-2: Foul Ball, location: 2F 2-2: Foul Ball, location: 2F 2-2: Foul Ball, location: 2F 2-2: Foul Ball, location: 2F 2-2: Foul Ball, location: 2F 2-2: Ground out 4-3 (Groundball, 4M)
|
Bottom of the 6th over - 0 run(s), 0 hit(s), 0 error(s), 0 left on base; Durham 3 - Phoenix Hotspur 0 |
TOP OF THE 7TH |
Durham Rapiers batting - Pitching for Phoenix Hotspur Youth : RHP Paul Stuart
|
Batting: RHB Ignacio Rodríguez
|
0-0: Called Strike 0-1: Ball 1-1: Fly out, F5 (Popup, 5F)
|
Batting: SHB Juan Blanco
|
0-0: Called Strike 0-1: Called Strike 0-2: Foul Ball, location: 2F 0-2: Ball 1-2: Ball 2-2: Ball 3-2: Fly out, F7 (Flyball, 7M)
|
Batting: LHB Raúl Andrade
|
0-0: SINGLE (Groundball, 56D)
|
Pitching: RHP Jesús Olvero
|
|
Batting: RHB Esteban Garza
|
0-0: Called Strike 0-1: Fly out, F8 (Flyball, 89M)
|
Top of the 7th over - 0 run(s), 1 hit(s), 0 error(s), 1 left on base; Durham 3 - Phoenix Hotspur 0 |
BOTTOM OF THE 7TH |
Phoenix Hotspur Youth batting - Pitching for Durham Rapiers : RHP Michael Logan
|
Batting: LHB José Villarreal
|
0-0: Ball 1-0: Foul Ball, location: 2F 1-1: Ball 2-1: SINGLE (Line Drive, 6)
|
Batting: RHB Martín Martínez
|
0-0: Swinging Strike 0-1: Ball 1-1: Ball 2-1: Grounds into double play, 6-4-3 (Groundball, 6)
|
Batting: RHB Júlio Mateo
|
0-0: Ball 1-0: Swinging Strike 1-1: Swinging Strike 1-2: Ball 2-2: Foul Ball, location: 2F 2-2: Strikes out looking
|
Bottom of the 7th over - 0 run(s), 1 hit(s), 0 error(s), 0 left on base; Durham 3 - Phoenix Hotspur 0 |
TOP OF THE 8TH |
Durham Rapiers batting - Pitching for Phoenix Hotspur Youth : RHP Jesús Olvero
|
Batting: LHB Evan Nelson
|
0-0: Ball 1-0: Ground out U3 (Groundball, 3)
|
Batting: RHB Joey Morgan
|
0-0: Ball 1-0: Ball 2-0: Called Strike 2-1: Swinging Strike 2-2: Foul Ball, location: 2F 2-2: Strikes out swinging
|
Batting: RHB Caleb Lee
|
0-0: Called Strike 0-1: Swinging Strike 0-2: Ball 1-2: Foul Ball, location: 2F 1-2: Ball 2-2: Foul Ball, location: 2F 2-2: Strikes out swinging
|
Top of the 8th over - 0 run(s), 0 hit(s), 0 error(s), 0 left on base; Durham 3 - Phoenix Hotspur 0 |
BOTTOM OF THE 8TH |
Phoenix Hotspur Youth batting - Pitching for Durham Rapiers : RHP Michael Logan
|
Pitching: RHP Ricky Jackson
|
|
Batting: RHB Ben Anderson
|
0-0: Fly out, F9 (Flyball, 89M)
|
Batting: RHB Matías Torrella
|
0-0: Ball 1-0: Ball 2-0: Ball 3-0: Called Strike 3-1: Base on Balls
|
Pitching: RHP Timothy Jackson
|
|
Batting: RHB Marc Meertens
|
0-0: SINGLE (Line Drive, 4MD) Matías Torrella to second Runner from 2nd tries for 3rd, SAFE, throw made to third Marc Meertens to second
|
Pitching: LHP Doug Ferguson
|
|
Batting: LHB Arthur Ryan
|
0-0: Ball 1-0: Called Strike 1-1: Foul Ball, location: 2F 1-2: Foul Ball, location: 2F 1-2: Foul Ball, location: 2F 1-2: Strikes out looking
|
Pitching: RHP Ramiro Martínez
|
|
Batting: RHB Dan Perkins
|
0-0: Fly out, F5 (Line Drive, 56)
|
Bottom of the 8th over - 0 run(s), 1 hit(s), 0 error(s), 2 left on base; Durham 3 - Phoenix Hotspur 0 |
TOP OF THE 9TH |
Durham Rapiers batting - Pitching for Phoenix Hotspur Youth : RHP Jesús Olvero
|
Pitching: RHP Craig Gasnier
|
|
Batting: LHB Gonzalo Féliz
|
0-0: Called Strike 0-1: Ball 1-1: Ball 2-1: DOUBLE (Line Drive, 8RXD)
|
Pitching: RHP Bob Cook
|
|
Batting: RHB Kevin Sanderson
|
0-0: Ball 1-0: Ball 2-0: Foul Ball, location: 2F 2-1: Ground out 1-3 (Groundball, 13) Gonzalo Féliz to third
|
Batting: RHB Ignacio Rodríguez
|
0-0: Intentional Walk
|
Batting: SHB Juan Blanco
|
0-0: Ball 1-0: Called Strike 1-1: Ball 2-1: Foul Ball, location: 2F 2-2: Foul Ball, location: 2F 2-2: Foul Ball, location: 2F 2-2: Ball 3-2: Base on Balls Ignacio Rodríguez to second
|
Pitching: LHP Elroy Gardner
|
|
Pinch Hitting: RHB Dewitt Mercer
|
0-0: Fly out, F9 (Popup, 4MD)
|
Batting: RHB Esteban Garza
|
0-0: Ball 1-0: Ball 2-0: Foul Ball, location: 2F 2-1: Called Strike 2-2: Fly out, F8 (Flyball, 8LS)
|
Top of the 9th over - 0 run(s), 1 hit(s), 0 error(s), 3 left on base; Durham 3 - Phoenix Hotspur 0 |
BOTTOM OF THE 9TH |
Phoenix Hotspur Youth batting - Pitching for Durham Rapiers : RHP Ramiro Martínez
|
Pitching: RHP Eduardo Bravo
|
|
Now at C: Mitchell Hansen
|
|
Batting: SHB Jesús González
|
0-0: Called Strike 0-1: Ground out 4-3 (Groundball, 4)
|
Batting: LHB José Villarreal
|
0-0: Ball 1-0: Ball 2-0: Foul Ball, location: 2F 2-1: Ground out 6-3 (Groundball, 6M)
|
Batting: RHB Martín Martínez
|
0-0: Ball 1-0: Foul Ball, location: 2F 1-1: Foul Ball, location: 2F 1-2: Ground out 6-3 (Groundball, 6M)
|
Bottom of the 9th over - 0 run(s), 0 hit(s), 0 error(s), 0 left on base; Durham 3 - Phoenix Hotspur 0 |
|